 Dungeon Crawl Stone Soup version 0.30-a0-469-g84de5afbc5 (webtiles) character file.

Game seed: 11163347332256162054

275 cforsyth the Cudgeller (level 6, -1/54 HPs)
             Began as an Armataur Gladiator on Dec 19, 2022.
             Slain by a jelly (3 damage)
             ... in a sewer.
             The game lasted 00:05:16 (3556 turns).

cforsyth the Cudgeller (Armataur Gladiator)         Turns: 3556, Time: 00:05:16

Health: -1/54      AC:  0    Str: 19    XL:     6   Next: 3%
Magic:  8/8        EV: 10    Int: 11    God:
Gold:   173        SH:  0    Dex: 11    Spells: 8/8 levels left

rFire   . . .      SeeInvis .    a - +0 flail
rCold   . . .      Faith    .    (no shield)
rNeg    . . .      Spirit   .    b - +0 leather armour
rPois   .          Reflect  .    c - +0 helmet
rElec   .          Harm     .    v - scarf {repulsion}
rCorr   .          Roll     +    (no gloves)
Will    .....      Archmagi +    (no barding)
Stlth   +......... Clarity  +    (no amulet)
HPRegen 0.29/turn                m - ring of the Mage {Wiz Archmagi}
MPRegen 0.11/turn                (no ring)

@: corroded, repel missiles
A: large, rugged brown scales 3, deformed body, armoured tail, roll, long
tongue, awkward tongue, hooves 1, stinger 1, iridescent scales 1, clarity, noise
suppression
a: no special abilities


You were in a sewer.
You visited 1 branch of the dungeon, and saw 3 of its levels.
You also visited: Sewer.

You collected 173 gold pieces.

Inventory:

Hand Weapons
 a - a +0 flail (weapon)
Missiles
 d - 3 throwing nets (quivered)
 e - 6 javelins
Armour
 b - a +0 leather armour (worn)
 c - a +0 helmet (worn)
 v - a scarf of repulsion (worn)
Jewellery
 i - an amulet of faith
 m - the ring of the Mage (left hand) {Wiz Archmagi}
   (You found it on level 2 of the Dungeon)

   [ring of wizardry]

   It improves your spell success rate.
   Archmagi:  It increases the power of your magical spells.
 p - a ring of positive energy
Scrolls
 g - a scroll of magic mapping
 h - a scroll of poison {unknown}
 j - 7 scrolls of identify {unknown}
 n - a scroll of amnesia {unknown}
 o - a scroll of vulnerability {unknown}
 u - a scroll of fog {unknown}
 w - a scroll of immolation {unknown}
Potions
 f - 2 potions of degeneration {unknown}
 k - 2 potions of curing {unknown}
 l - 3 potions of mutation
 q - 2 potions of resistance {unknown}
 r - a potion of might
 s - 2 potions of attraction {unknown}
 t - a potion of flight {unknown}
 x - 2 potions of heal wounds {unknown}


   Skills:
 + Level 3.1 Fighting
 + Level 3.7 Maces & Flails
 - Level 3.0 Throwing
 + Level 1.0 Armour
 - Level 2.9 Dodging
 + Level 1.5 Spellcasting


You had 8 spell levels left.
You didn't know any spells.
Your spell library contained the following spells:

 Spells                   Type           Power      Damage    Failure   Level
 Magic Dart               Conj           4%         1d3       16%         1
 Call Imp                 Summ           1%         N/A       22%         2
 Sublimation of Blood     Necr           1%         N/A       22%         2
 Wereblood                Tmut           1%         N/A       22%         2
 Mephitic Cloud           Conj/Pois/Air  1%         N/A       38%         3
 Ozocubu's Armour         Ice            1%         N/A       38%         3
 Metabolic Englaciation   Hex/Ice        0%         N/A       98%         5
 Simulacrum               Ice/Necr       0%         N/A       100%        6
 Summon Hydra             Summ           0%         N/A       100%        7


Dungeon Overview and Level Annotations

Branches:
Dungeon (3/15)              Sewer (1/1)

Altars:


Innate Abilities, Weirdness & Mutations

You are completely covered in rugged brown scales. (AC +3, +7% HP)
Armour fits poorly on your strangely shaped body.
You have a long armoured tail.
You roll when moving toward enemies. (Rampage)
Your long tongue fully drains potion bottles. (2x potion effects)
Your tongue gives you trouble enunciating. (1.5x scroll delay)
You have large cloven feet.
Your tail ends in a venomous barb.
You are partially covered in iridescent scales. (AC +2)
You possess an exceptional clarity of mind.
You passively dampen the noise of your surroundings.


Message History

HP restored.
You enter the shallow water.
You enter the shallow water.
You enter the shallow water.
A jelly comes into view.
Found a scroll labelled REOHIBILOE and a bubbling green potion.
The jelly quivers.
A jelly is nearby!
A jelly is nearby!
Unknown command.
You roll towards the jelly!
You hit the jelly but do no damage. The acid corrodes you!
Your hands burn!
You kick the jelly. You tail-slap the jelly.
The jelly is moderately wounded.
The jelly barely misses you.
You hit the jelly.
Your hands burn!
You kick the jelly, but do no damage.
The jelly is severely wounded.
The jelly hits you. The acid corrodes you!
You are splashed with acid!
The jelly barely misses you.
You hit the jelly but do no damage.
Your hands burn!
You kick the jelly, but do no damage.
The jelly is severely wounded.
The jelly hits you.
You are splashed with acid!
You hit the jelly.
Your hands burn!
The jelly is severely wounded.
The jelly hits you.
You are splashed with acid!
* * * LOW HITPOINT WARNING * * *
You hit the jelly but do no damage.
Your hands burn!
* * * LOW HITPOINT WARNING * * *
The jelly is severely wounded.
The jelly closely misses you.
You hit the jelly but do no damage.
Your hands burn!
* * * LOW HITPOINT WARNING * * *
The jelly is severely wounded.
The jelly hits you.
* * * LOW HITPOINT WARNING * * *
You are splashed with acid.
* * * LOW HITPOINT WARNING * * *
The jelly hits you.
You die...

#..# #.†# #.~# #~.# #..# #~~#
#..# #.~####~.# #~.#
#.~.~.~~.# #..# #.~.~.~~.#
#.~# ########## #.~## #####
#.~.# ##~.~## ##.~## #~J@~~#
#.~~####.~.#.~#
#.~.~~##!?##..####
##..~~~####~~~...##
####..~.##.~....~~####
#.~##.~~~~~~###..~~..##
#.~~##.~~~~##.##.~~~~~####
##~~.#..~.##..)#~.##~..~.###
##~~.##.~..~.~~##.~###......#


You could see a jelly.

Vanquished Creatures
  3 jellies (Sewer)
  9 adders
  2 river rats (Sewer)
  3 worms
  A dart slug (D:2)
  8 ball pythons
  10 endoplasms
  4 giant cockroaches
  2 goblins
  3 hobgoblins
  7 jackals (D:1)
  4 kobolds (D:2)
  2 quokkas
  7 bats
  7 frilled lizards
  11 rats
83 creatures vanquished.

Notes
Turn   | Place    | Note
-------+----------+-------------------------------------------
     0 | D:1      | cforsyth the Armataur Gladiator began the quest for the
                  | Orb.
     0 | D:1      | Reached XP level 1. HP: 18/18 MP: 1/1
   348 | D:1      | Reached XP level 2. HP: 22/25 MP: 2/2
  1051 | D:2      | Reached XP level 3. HP: 29/29 MP: 3/3
  1134 | D:2      | Found the ring of the Mage {Wiz Archmagi}
  1361 | D:2      | Reached XP level 4. HP: 39/39 MP: 4/4
  1976 | D:3      | Found a glowing drain.
  2002 | Sewer    | Entered a sewer
  2035 | Sewer    | Reached skill level 1 in Spellcasting
  2058 | Sewer    | Reached XP level 5. HP: 28/44 MP: 6/6
  2289 | Sewer    | Gained mutation: You are covered in fur. (AC +1) [potion of
                  | mutation]
  2289 | Sewer    | Gained mutation: You are partially covered in iridescent
                  | scales. (AC +2) [potion of mutation]
  2289 | Sewer    | Lost mutation: You are covered in fur. (AC +1) [potion of
                  | mutation]
  2289 | Sewer    | Gained mutation: You passively dampen the noise of your
                  | surroundings. [potion of mutation]
  2289 | Sewer    | Gained mutation: You possess an exceptional clarity of
                  | mind. [potion of mutation]
  2289 | Sewer    | Gained mutation: Your tail ends in a venomous barb. [potion
                  | of mutation]
  2289 | Sewer    | Gained mutation: You have large cloven feet. [potion of
                  | mutation]
  3206 | Sewer    | Reached skill level 1 in Armour
  3206 | Sewer    | Reached XP level 6. HP: 27/54 MP: 6/8
  3505 | Sewer    | Found a viscous altar of Jiyva.
  3556 | Sewer    | HP: 2/54 [acid (6)]
  3556 | Sewer    | Slain by a jelly

Illustrated notes

Levels and vault maps discovered:
D:1:      scummos_arrival_simple_fountains, layout_basic, skrybe_limestone_x,
          minmay_tree_intersection
D:2:      layout_basic, minmay_quadrilaterals
D:3:      layout_loops_corners, bloody_makhleb,
          chequers_ecumenical_altar_simple, portal_sewer_entry_c,
          minmay_surrounded
Sewer:    sewer_hellmonk_slimy_pipes

Skill      XL: |  1  2  3  4  5 |
---------------+----------------+-----
Fighting       | 2 3 |  3.1
Throwing       | 2 3 |  3.0
Maces & Flails | 3 |  3.7
Spellcasting   | 1 |  1.5
Armour         | 1 |  1.0
Dodging        | |  2.9

Action                   |  1- 3 |  4- 6 || total
-------------------------+-------+-------++-------
Melee: Flail             |   115 |   176 ||   291
       Tailslap          |    13 |    18 ||    31
       Punch             |       |     2 ||     2
       Kick              |       |    10 ||    10
  Use: Scroll            |       |     1 ||     1
       Potion            |       |     2 ||     2
 Stab: Sleeping          |     1 |       ||     1
Armor: Leather armour    |    52 |    73 ||   125
Dodge: Dodged            |    65 |   119 ||   184

Table legend: (Time is in decaauts)
 A = Elapsed time spent in this place.
 B = Non-inter-level travel time spent in this place.
 C = Inter-level travel time spent in this place.
 D = Time resting spent in this place.
 E = Time spent auto-exploring this place.
 F = Levels seen in this place.
 G = Mean time per level.
                   A        B        C        D        E       F      G
               +--------+--------+--------+--------+--------+-----+--------+
         Total |   3625 |   3577 |     48 |   1166 |   1703 |   4 |  906.2 |
       Dungeon |   2046 |   1998 |     48 |     12 |   1490 |   3 |  682.0 |
         Sewer |   1579 |   1579 |      0 |   1154 |    213 |   1 | 1579.0 |
               +--------+--------+--------+--------+--------+-----+--------+

Top non-repeatable levels by time:
   Sewer: 1579 daAuts
     D:1: 1065 daAuts
     D:2: 886 daAuts
     D:3: 94 daAuts
